AoeStats
← kimbo

Arabia

509225040Analyzed
1v1 RM · 7d ago on Sep 26, 2026· 48m 33s· 2 players
Game mode
Random Map
Map size
Tiny (2 player)
Population
200
Speed
Normal
Resources
Standard
Victory
Conquest
Starting age
Dark Age
Ending age
Imperial Age
RankedLock teamsTeams togetherTeam positionsShared explorationLock speedFull tech treeHidden civsTurbo modeCheats
Victory
Defeat
🇦🇷 Inca · Argentina
1197
+17
🇨🇿 Japanese · Czechia
1217
-17
kimbo
6:01 Loom
8:40 Feudal Age
9:38 Double-Bit Axe
11:41 Fletching
17:52 Champi Runner
23:50 Castle Age
24:08 Horse Collar
23:53 Champi Warrior
25:28 Scale Mail Armor
25:00 Champi Warrior
26:07 Forging
25:57 Arson
25:33 Champi Warrior
27:00 Crossbowman
28:08 Bow Saw
29:11 Bodkin Arrow
32:18 Chain Mail Armor
32:23 Gold Mining
33:33 Iron Casting
33:27 Squires
38:49 Imperial Age
40:34 Plate Mail Armor
41:48 Blast Furnace
41:42 Wheelbarrow
42:31 Chemistry
42:07 Elite Champi Warrior
43:49 Elite Kamayuk
44:55 Heavy Plow
45:31 Gold Shaft Mining
44:47 Stone Mining
46:11 Ballistics
46:02 Masonry
49:25 Hoardings
fruky
6:12 Loom
9:02 Feudal Age
11:26 Man-at-Arms
15:46 Fletching
16:46 Padded Archer Armor
20:54 Castle Age
18:50 Horse Collar
19:02 Double-Bit Axe
21:33 Bodkin Arrow
24:58 Wheelbarrow
25:19 Long Swordsman
26:04 Squires
27:26 Arson
28:35 Elite Skirmisher
29:50 Thumb Ring
29:47 Padded Archer Armor
30:17 Gambesons
30:33 Scale Mail Armor
32:13 Leather Archer Armor
36:17 Town Watch
39:21 Imperial Age
36:40 Town Watch
38:05 Forging
39:31 Bloodlines
39:21 Husbandry
40:22 Ballistics
40:31 Parthian Tactics
40:37 Bracer
42:07 Scale Barding Armor
42:35 Ring Archer Armor
41:35 Two-Handed Swordsman
42:39 Heavy Cavalry Archer
44:42 Chain Mail Armor
45:03 Iron Casting
46:11 Chemistry
46:10 Parthian Tactics
46:49 Iron Casting
49:25 Conscription
Connection lost

Rejoining the realm…

Still unreachable

The connection could not be restored.

Session expired

The server has moved on; the page needs a fresh start.